 Dungeon Crawl Stone Soup version 0.23.2-1-ga50397a6bc (console) character file.

Game seed: 6934623790784515084

973 Dragon00 the Chopper (level 7, -5/66 HPs)
             Began as a Minotaur Berserker on May 15, 2019.
             Was a Priest of Trog.
             Slain by an orc warrior
             ... wielding a +0 halberd
              (12 damage)
             ... on level 6 of the Dungeon.
             The game lasted 00:28:19 (5782 turns).

Dragon00 the Chopper (Minotaur Berserker)           Turns: 5782, Time: 00:28:19

Health: -5/66      AC: 13    Str: 22    XL:     7   Next: 94%
Magic:  6/6        EV:  8    Int:  4    God:    Trog [***...]
Gold:   162        SH:  0    Dex: 11    Spells: 6/6 levels left

rFire    . . .     SeeInvis +   a - +0 hand axe
rCold    + . .     Gourm    .   (no shield)
rNeg     . . .     Faith    .   l - +1 plate armour
rPois    .         Spirit   .   (helmet restricted)
rElec    .         Reflect  .   (no cloak)
rCorr    .         Harm     .   (no gloves)
MR       .....                  (no boots)
Stlth    ..........             (no amulet)
HPRegen  0.21/turn              u - ring of protection from cold
MPRegen  0.10/turn              v - ring of see invisible

@: no status effects
A: retaliatory headbutt, horns 2
a: Berserk, Trog's Hand, Renounce Religion


You were on level 6 of the Dungeon.
You worshipped Trog.
Trog was most pleased with you.
You were not hungry.

You visited 1 branch of the dungeon, and saw 6 of its levels.

You collected 162 gold pieces.

Inventory:

Hand Weapons
 a - a +0 hand axe (weapon)
 b - a +1 hunting sling
 q - a +1 dire flail of protection
Missiles
 j - 89 stones (quivered)
 n - 12 sling bullets
Armour
 l - a +1 plate armour (worn)
Jewellery
 u - a ring of protection from cold (left hand)
 v - a ring of see invisible (right hand)
Wands
 f - a wand of acid (7)
Scrolls
 d - a scroll of teleportation {unknown}
 m - a scroll of random uselessness
 p - a scroll of fear
 r - a scroll of blinking
Potions
 e - a potion of flight {unknown}
 g - a potion of invisibility {unknown}
 h - a potion of berserk rage
 i - a potion of curing
 k - a potion of degeneration
 o - 2 potions of magic {unknown}
Comestibles
 c - 9 rations
 s - a chunk of flesh


   Skills:
 * Level 7.1 Fighting
 * Level 7.1 Axes
 + Level 5.2 Armour
 + Level 4.8 Dodging


You had 6 spell levels left.
You didn't know any spells.
Your spell library was empty.

Dungeon Overview and Level Annotations

Branches:
Dungeon (6/15)
 Temple: D:4-7

Altars:


Innate Abilities, Weirdness & Mutations

You reflexively headbutt those who attack you in melee.
You have a pair of horns on your head.


Message History

The orc warrior hits you with a +0 halberd.
You closely miss the orc warrior.
You headbutt the orc warrior, but do no damage.
The orc warrior is heavily wounded.
You hit the orc warrior but do no damage.
The orc warrior is heavily wounded.
The orc warrior barely misses you. You furiously retaliate!
You headbutt the orc warrior. You barely miss the orc warrior.
The orc warrior is heavily wounded.
The orc warrior hits you with a +0 halberd!
* * * LOW HITPOINT WARNING * * *
You closely miss the orc warrior. Your headbutt misses the orc warrior.
The orc warrior is heavily wounded.
The orc warrior barely misses you. You furiously retaliate!
You headbutt the orc warrior. You barely miss the orc warrior.
The orc warrior is heavily wounded.
You hit the orc warrior.
The orc warrior is heavily wounded.
The orc warrior hits you with a +0 halberd!
You die...

## #........
#....... .
#####.#.... ....
.........##.##..
..............
#.#####.##..##..#..
(.(o...............
.##(..o†..........
#.##o###........ ..
#@# #..#..... . #.#
#........ ........#
#........ #.##.##.#
......... # ...
.........
......##.....
##..#.## .....
#.... ..... #...


You could see an orc warrior and an orc.

Vanquished Creatures
  A troll (D:5)
  Edmund (D:4)
  2 sky beasts
  An ogre (D:5)
  A bullfrog zombie (D:5)
  A hound (D:5)
  An orc priest (D:4)
  Jessica (D:3)
  An orc wizard (D:4)
  3 worker ants
  A hound zombie (D:5)
  A hound skeleton (D:5)
  A worker ant zombie (D:5)
  3 adders
  An ooze (D:4)
  2 worms (D:3)
  2 dart slugs
  4 leopard geckos
  8 orcs
  2 ball pythons
  4 giant cockroaches
  4 goblins
  8 hobgoblins
  6 jackals
  5 quokkas
  10 bats
  3 frilled lizards
  A jackal skeleton (D:6)
  5 kobolds
  A leopard gecko skeleton (D:4)
  10 rats
95 creatures vanquished.

Notes
Turn   | Place    | Note
-------+----------+-------------------------------------------
     0 | D:1      | Dragon00 the Minotaur Berserker began the quest for the
                  | Orb.
     0 | D:1      | Reached XP level 1. HP: 19/19 MP: 0/0
     3 | D:1      | Noticed an electric eel
     3 | D:1      | Noticed an electric eel
   377 | D:1      | Reached XP level 2. HP: 25/27 MP: 1/1
  1469 | D:2      | Reached XP level 3. HP: 30/33 MP: 2/2
  1476 | D:2      | Reached ** piety under Trog
  2193 | D:3      | Noticed Jessica
  2206 | D:3      | Killed Jessica
  2248 | D:3      | Reached XP level 4. HP: 40/40 MP: 3/3
  2996 | D:4      | Reached XP level 5. HP: 47/47 MP: 4/4
  3197 | D:4      | Noticed Edmund
  3206 | D:4      | Reached skill level 5 in Fighting
  3206 | D:4      | Reached skill level 5 in Axes
  3229 | D:4      | Killed Edmund
  3229 | D:4      | Reached XP level 6. HP: 43/56 MP: 5/5
  4354 | D:5      | Entered Level 5 of the Dungeon
  4872 | D:5      | Noticed a troll
  4886 | D:5      | Killed a troll
  4886 | D:5      | Reached XP level 7. HP: 40/64 MP: 6/6
  5083 | D:5      | Reached *** piety under Trog
  5268 | D:5      | Reached skill level 5 in Armour
  5782 | D:6      | Slain by an orc warrior

Skill      XL: |  1  2  3  4  5  6  7 |
---------------+----------------------+-----
Fighting       | 4 5 6 7 |  7.1
Axes           | 4 5 6 7 |  7.1
Armour         | 3 4 5 |  5.2
Dodging        | 3 4 |  4.8

Action                   |  1- 3 |  4- 6 |  7- 9 || total
-------------------------+-------+-------+-------++-------
Melee: Hand axe          |    72 |   152 |    63 ||   287
       Headbutt          |     8 |    26 |    13 ||    47
 Fire: Hunting sling     |     8 |    47 |     9 ||    64
Invok: Berserk           |     2 |     2 |       ||     4
  Use: Scroll            |     1 |     9 |       ||    10
       Potion            |       |     7 |       ||     7
  Eat: Chunk             |     5 |     7 |     3 ||    15
       Ration            |       |     1 |       ||     1
Armor: Animal skin       |     8 |       |       ||     8
       Leather armour    |     3 |       |       ||     3
       Plate armour      |    24 |    77 |    20 ||   121
       Ring mail         |     5 |       |       ||     5
Dodge: Dodged            |    40 |    40 |    23 ||   103
